 Dungeon Crawl Stone Soup version 0.19-a0-347-g6bb00b2 (webtiles) character file.

764 namelastname112 the Merchant of Misery (level 7, -1/40 HPs)
             Began as a Deep Elf Necromancer on May 29, 2016.
             Was a Believer of Kikubaaqudgha.
             Slain by Duvessa
             ... wielding a +0 rapier
              (7 damage)
             ... on level 4 of the Dungeon.
             The game lasted 00:08:32 (4441 turns).

namelastname112 the Merchant of Misery (DENe)       Turns: 4441, Time: 00:08:32

Health: -1/40      AC:  3    Str:  6    XL:     7   Next: 51%
Magic:  3/17       EV: 14    Int: 20    God:    Kikubaaqudgha [**....]
Gold:   166        SH:  0    Dex: 16    Spells: 5 memorised, 7 levels left

rFire  . . .     SeeInvis .     f - +1 short sword
rCold  . . .     Gourm    .     j - +0 leather armour
rNeg   . . .     Faith    .     (no shield)
rPois  .         Spirit   .     (helmet restricted)
rElec  .         Dismiss  .     (no cloak)
rCorr  .         Reflect  .     (no gloves)
SustAt +         Harm     .     (no boots)
MR     .....                    (no amulet)
Stlth  ++........               i - ring of sustain attributes
                                (no ring)

@: not resistant to hostile enchantments, unstealthy
A: horns 1, blurry vision 2
a: Receive Corpses, Renounce Religion


You were on level 4 of the Dungeon.
You worshipped Kikubaaqudgha.
Kikubaaqudgha was pleased with you.
You were hungry.

You visited 1 branch of the dungeon, and saw 4 of its levels.

You collected 166 gold pieces.

Inventory:

Hand Weapons
 f - a +1 short sword (weapon)
Armour
 j - a +0 leather armour (worn)
 n - a +1 helmet
 u - the +0 scale mail of Voziyduxt {rElec Str-4 Slay+5, unknown}
   (You found it on level 4 of the Dungeon)

   It affects your strength (-4).
   It affects your accuracy and damage with ranged weapons and melee attacks
   (+5).
   It insulates you from electricity.
Jewellery
 i - a ring of sustain attributes (right hand)
 r - an uncursed ring of protection from magic {unknown}
Wands
 m - a wand of paralysis (0/24)
 o - a wand of flame (0/48)
Scrolls
 q - 2 scrolls of remove curse
 t - a scroll of fear
Potions
 d - a potion of ambrosia
 g - a potion of agility
 h - a potion of lignification {unknown}
 p - a potion of might
 s - 2 potions of cure mutation
Books
 b - a book of Necromancy

   Spells                             Type                      Level
   a - Pain                           Necromancy                   1
   b - Animate Skeleton               Necromancy                   1
   c - Vampiric Draining              Necromancy                   3
   d - Regeneration                   Charms/Necromancy            3
   e - Animate Dead                   Necromancy                   4
   f - Control Undead                 Necromancy                   4
 k - Kikubaaqudgha's Tome of Evil
   (Kikubaaqudgha gifted it to you on level 3 of the Dungeon)

   Spells                             Type                      Level
   a - Pain                           Necromancy                   1
   b - Corpse Rot                     Necromancy                   2
   c - Sublimation of Blood           Necromancy                   2
   d - Vampiric Draining              Necromancy                   3
   e - Control Undead                 Necromancy                   4
 v - a book of Alchemy

   Spells                             Type                      Level
   a - Sublimation of Blood           Necromancy                   2
   b - Ignite Poison                  Fire/Transmutation/Poison    3
   c - Petrify                        Transmutation/Earth          4
   d - Alistair's Intoxication        Transmutation/Poison         5
   e - Irradiate                      Conjuration/Transmutation    5
Comestibles
 a - a beef jerky
 c - 5 bread rations
 l - 3 meat rations


   Skills:
 + Level 2.9 Fighting
 + Level 4.8 Dodging
 - Level 2.4 Stealth
 + Level 5.7 Spellcasting
 * Level 8.0 Necromancy


You had 7 spell levels left.
You knew the following spells:

 Your Spells              Type           Power        Failure   Level  Hunger
a - Animate Skeleton      Necr           N/A          1%          1    None
b - Sublimation of Blood  Necr           #####.....   1%          2    None
d - Regeneration          Chrm/Necr      ###.......   12%         3    ##.....
s - Vampiric Draining     Necr           #####.....   1%          3    ##.....
z - Pain                  Necr           ####         1%          1    None


Dungeon Overview and Level Annotations

Branches:
Dungeon (4/15)
 Temple: D:4-7

Altars:
Kikubaaqudgha
Nemelex Xobeh

Annotations:
D:4 Duvessa


Innate Abilities, Weirdness & Mutations

You have a pair of small horns on your head.
Scrolls take you longer to read.


Message History

Duvessa is severely wounded.
You feel life coursing into your body. Duvessa barely misses you.
Duvessa hits you with a rapier!
* * * LOW HITPOINT WARNING * * *
You take 6 damage, and have 6/40 hp.
You now have 2/17 mp.
Casting: Vampiric Draining
Confirm with . or Enter, or press ? or * to list all spells.
You don't have enough magic to cast that spell.
Drink which item? (? for menu, Esc to quit)
Okay, then.
Read which item? (? for menu, Esc to quit)
Okay, then.
Drink which item? (? for menu, Esc to quit)
You feel extremely strange. A pair of horns grows on your head!
Your +1 helmet falls away!
Your vision blurs. x2
Duvessa hits you with a rapier!
You die...
Kikubaaqudgha rasps: "You have failed me!
Welcome... death!"

#### #.###.##.#### #..#
##.###.##.# # #.<#
##...##.##.# #
#..########.###.#.##.# #
#...........# #.#.##.# #
######.#...#####.###...##.####
............## ##...###.......
#####.......#####.....###.###
#.......@.........# #....
#......e#########.###.###
##.....## #....#... ##...##
#.####.## ##.## #.# #.#. #.###
#.# #..# #...# #.# ##.##
###.## #.# #.### # # #..# #.#
##.##


You could see Duvessa (berserk).

Vanquished Creatures
  Sigmund (D:3)
  Menkaure (D:4)
  An ogre (D:4)
  Dowan (D:4)
  A hound (D:4)
  Natasha (thrice) (D:3)
  Terence (D:3)
  A worker ant (D:4)
  10 adders
  An ooze (D:2)
  3 worms (D:2)
  6 dart slugs
  4 giant geckos
  13 orcs
  3 giant cockroaches
  5 goblins
  6 hobgoblins
  2 jackals (D:3)
  10 kobolds
  A quokka (D:3)
  A ball python (D:2)
  5 bats
  2 giant gecko skeletons (D:4)
  2 giant newts
  14 rats
98 creatures vanquished.

Vanquished Creatures (collateral kills)
  A worm (D:2)
  An orc (D:4)
  A hobgoblin (D:1)
3 creatures vanquished.

Grand Total: 101 creatures vanquished

Notes
Turn   | Place    | Note
--------------------------------------------------------------
     0 | D:1      | namelastname112 the Deep Elf Necromancer began the quest for the Orb.
     0 | D:1      | Reached XP level 1. HP: 10/10 MP: 6/6
    10 | D:1      | Wingboner: Эдичка превозмог.
    23 | D:1      | namelastname112: пиздец
    81 | D:1      | Reached skill level 5 in Necromancy
   267 | D:1      | Reached XP level 2. HP: 9/15 MP: 1/8
   529 | D:1      | Learned a level 1 spell: Animate Skeleton
   947 | D:1      | Reached XP level 3. HP: 17/20 MP: 6/10
  1131 | D:2      | Found an ancient bone altar of Kikubaaqudgha.
  1145 | D:2      | Reached skill level 1 in Fighting
  1432 | D:2      | Learned a level 3 spell: Vampiric Draining
  1436 | D:2      | Learned a level 3 spell: Regeneration
  1447 | D:2      | Became a worshipper of Kikubaaqudgha
  1451 | D:2      | Found a sparkling altar of Nemelex Xobeh.
  1985 | D:2      | Reached XP level 4. HP: 16/25 MP: 5/11
  2479 | D:3      | Noticed Sigmund
  2569 | D:3      | Reached * piety under Kikubaaqudgha
  2569 | D:3      | Received a gift from Kikubaaqudgha
  2570 | D:3      | Identified Kikubaaqudgha's Tome of Evil (Kikubaaqudgha gifted it to you on level 3 of the Dungeon)
  2574 | D:3      | Learned a level 2 spell: Sublimation of Blood
  2631 | D:3      | Reached skill level 6 in Necromancy
  2631 | D:3      | Reached XP level 5. HP: 12/29 MP: 5/13
  2905 | D:3      | Killed Sigmund
  2905 | D:3      | Reached XP level 6. HP: 30/35 MP: 4/15
  2927 | D:3      | Noticed Natasha
  2932 | D:3      | Killed Natasha
  2982 | D:3      | Noticed Natasha
  2983 | D:3      | Noticed Terence
  2993 | D:3      | Killed Natasha
  3015 | D:3      | Noticed Natasha
  3019 | D:3      | Killed Natasha
  3019 | D:3      | Reached skill level 5 in Spellcasting
  3096 | D:3      | Killed Terence
  3096 | D:3      | Reached skill level 7 in Necromancy
  3497 | D:4      | Noticed Duvessa
  3497 | D:4      | Noticed Dowan
  3562 | D:4      | Got a slimy scale mail
  3583 | D:4      | Reached XP level 7. HP: 29/40 MP: 4/16
  3693 | D:4      | Reached ** piety under Kikubaaqudgha
  3757 | D:4      | Noticed Menkaure
  3844 | D:4      | Killed Menkaure
  4373 | D:4      | Killed Dowan
  4373 | D:4      | Reached skill level 8 in Necromancy
  4441 | D:4      | Gained mutation: You have a pair of small horns on your head. [potion of mutation]
  4441 | D:4      | Gained mutation: Scrolls take you a little longer to read. [potion of mutation]
  4441 | D:4      | Gained mutation: Scrolls take you longer to read. [potion of mutation]
  4441 | D:4      | Slain by Duvessa

Vault maps used:
D:1:      dpeg_arrival_chambers_temple_mockup
D:2:      nicolae_overflow_hidden_temple, kiku_gazebo_pond_becter
D:3:      minmay_box_of_dots, uniq_natasha, uniq_sigmund, uniq_terence
D:4:      grunt_temple_overflow_diamond, minmay_temple_entry_from_below_a,
          uniq_duvessa, uniq_menkaure

Skill      XL: |  1  2  3  4  5  6  7 |
---------------+----------------------+-----
Necromancy     | 5 6 7 8 |  8.0
Fighting       | 1 2 |  2.9
Dodging        | 3 4 |  4.8
Spellcasting   | 4 5 |  5.7
Stealth        | |  2.4

Action                   |  1- 3 |  4- 6 |  7- 9 || total
-------------------------+-------+-------+-------++-------
Melee: Short sword       |     4 |     1 |    22 ||    27
 Cast: Pain              |    73 |    94 |    21 ||   188
       Animate Skeleton  |    12 |    12 |     4 ||    28
       Vampiric Draining |     1 |     5 |    13 ||    19
       Regeneration      |       |     1 |     2 ||     3
Evoke: Wand              |       |       |    11 ||    11
  Use: Scroll            |     5 |     2 |     6 ||    13
       Potion            |       |       |     2 ||     2
  Eat: Chunk             |     3 |     5 |     3 ||    11
Armor: Leather armour    |     5 |    11 |    24 ||    40
Dodge: Dodged            |    15 |     9 |    55 ||    79
